 Dungeon Sprint DCSS version 0.31-a0-960-g0fca184906 (webtiles) character file.

Game seed: 3545633815410354755

7492 fingers the Severer (level 11, -3/108 HPs)
             Began as a Hill Orc Fighter on Oct 23, 2023.
             Was the Champion of Okawaru.
             Slain by a naga warrior
             ... wielding a +0 halberd
              (5 damage)
             ... in the Dungeon (Sprint V: "Ziggurat Sprint").
             The game lasted 00:04:09 (730 turns).

fingers the Severer (Hill Orc Fighter)               Turns: 730, Time: 00:04:10

Health: -3/108     AC: 25    Str: 36      XL:     11   Next: 16%
Magic:  9/9        EV:  1    Int:  7 (8)  God:    Okawaru [******]
Gold:   0          SH: 30    Dex: 10      Spells: 10/10 levels left

rFire   . . .        N - +16 consecrated labrys {holy, Valiant Fragile Fly SInv}
rCold   . . .        D - +18 shield of the Gong {Loud rN+ Will+ rCorr EV-5}
rNeg    + . .        C - +15 Maxwell's patent armour {-Cast -Tele rElec Will+ rCorr}
rPois   .            (no helmet)
rElec   +            (no cloak)
rCorr   +            (no gloves)
SInv    +            (no boots)
Will    ++...        (no amulet) Stlth
                     z - +6 ring of strength
HPRegen 0.38/turn    A - +6 ring of strength
MPRegen 0.11/turn

%: no teleportation, no spellcasting, random rage (3%)
@: lethally poisoned (-3 -> -47), flying, constricted
A: berserk 1, deformed body, deterioration 2, low MP 1, wild magic 1
a: Renounce Religion, Heroism, Finesse, Receive Armour


You were in the Dungeon.
You worshipped Okawaru.
Okawaru was exalted by your worship.
You visited 1 branch

Inventory:

Hand Weapons
 a - a +0 war axe
 n - a +9 broad axe
 B - the +16 obsidian axe {drain, demonic, Mesm Drain Fly SInv}
   (You found it in the Dungeon)

   Mesm:      Its wielder is mesmerised by any visible foes, and it cannot be
   unequipped while any foes are visible.
   SInv:      It lets you see invisible.
   Fly:       It grants you flight.
   Drain:     It drains your maximum health when unequipped.
 E - the +5 Lochaber axe {reach-cleave, Poleaxe Drain}
   (You found it in the Dungeon)

   Poleaxe:   It uses either Axes or Polearms skill, whichever is higher.
   Drain:     It drains your maximum health when unequipped.
 N - the +16 consecrated labrys (weapon) {holy, Valiant Fragile Fly SInv}
   (You found it in the Dungeon)

   Valiant:   It becomes more powerful as more dangerous foes come into view.
   SInv:      It lets you see invisible.
   Fly:       It grants you flight.
   Fragile:   It will be destroyed if unequipped.
Armour
 b - a +0 scale mail
 c - a +0 buckler
 C - the +15 Maxwell's patent armour (worn) {-Cast -Tele rElec Will+ rCorr}
   (You found it in the Dungeon)

   rElec:     It insulates you from electricity.
   Will+:     It increases your willpower.
   -Cast:     It prevents spellcasting.
   -Tele:     It prevents most forms of teleportation.
   rCorr:     It protects you from acid and corrosion.
 D - the +18 shield of the Gong (worn) {Loud rN+ Will+ rCorr EV-5}
   (You found it in the Dungeon)

   Loud:      It is deafeningly noisy when blocking attacks.
   EV-5:      It affects your evasion (-5).
   rN+:       It protects you from negative energy.
   Will+:     It increases your willpower.
   rCorr:     It protects you from acid and corrosion.
Jewellery
 u - a ring of flight
 v - a +6 ring of dexterity
 w - a +6 ring of dexterity
 x - a +6 ring of intelligence
 y - a +6 ring of intelligence
 z - a +6 ring of strength (left hand)
 A - a +6 ring of strength (right hand)
 F - a ring of ice
 J - the ring "Paka" {SInv Stlth+}
   (You found it in the Dungeon)

   [ring of see invisible]

   SInv:      It lets you see invisible.
   Stlth+:    It makes you more stealthy.
 M - a +6 ring of strength
 O - an amulet of guardian spirit
Wands
 s - a wand of mindburst (7)
 t - a wand of quicksilver (7)
 I - a wand of roots (12)
 K - a wand of flame (22)
 L - a wand of polymorph (2)
 P - a wand of digging (5)
Scrolls
 j - 4 scrolls of blinking
 o - 4 scrolls of amnesia
 p - 8 scrolls of fog
 q - 5 scrolls of identify
 r - 2 scrolls of fear
 H - 4 scrolls of enchant armour
Potions
 d - 6 potions of might
 e - 8 potions of curing
 f - 9 potions of heal wounds
 g - 6 potions of haste
 h - 7 potions of magic
 i - 3 potions of berserk rage
 k - 2 potions of brilliance
 l - 2 potions of invisibility
 m - 4 potions of resistance
Miscellaneous
 G - a tin of tremorstones (2/2)


   Skills:
 + Level 13.8 Fighting
 + Level 20.9 Axes
 + Level 11.7 Armour
 + Level 2.0 Dodging
 + Level 0.2 Stealth
 + Level 15.4 Shields
 + Level 4.0 Evocations


You had 10 spell levels left.
You didn't know any spells.
Your spell library contained the following spells:

 Spells                   Type           Power      Damage    Failure   Level
 Cigotuvi's Dreadful Rot  Necr/Pois/Air  0%         N/A       99%         2
 Momentum Strike          Conj/Tloc      0%         3d8       99%         2
 Ozocubu's Armour         Ice            0%         N/A       100%        3
 Dispel Undead            Necr           0%         3d6       100%        4
 Iskenderun's Battlesphe  Conj           0%         2d6       100%        5
 Lee's Rapid Deconstruct  Erth           0%         3d4*      100%        5
 Metabolic Englaciation   Hex/Ice        0%         N/A       100%        5
 Silence                  Hex/Air        0%         N/A       100%        5
 Bombard                  Conj/Erth      0%         9d1       100%        6
 Disjunction              Tloc           0%         N/A       100%        8
 Animate Armour           Summ/Erth      Unusable   N/A       N/A         4
 Summon Lightning Spire   Summ/Air       Unusable   N/A       N/A         4
 Death Channel            Necr           Unusable   N/A       N/A         6
 Simulacrum               Ice/Necr       Unusable   N/A       N/A         6
 Spellforged Servitor     Conj/Summ      Unusable   N/A       N/A         7

Dungeon Overview and Level Annotations

Branches:
Dungeon (1/1)

Altars:
Ashenzari
Cheibriados
Dithmenos
Elyvilon
Fedhas
Gozag
Hepliaklqana
Kikubaaqudgha
Makhleb
Nemelex Xobeh
Okawaru
Qazlal
Ru
Sif Muna
Trog
Uskayaw
Vehumet
Wu Jian
Xom
Yredelemnul
Zin
The Shining One
Beogh
Jiyva
Lugonu


Innate Abilities, Weirdness & Mutations

You sometimes lose your temper in combat.
Armour fits poorly on your strangely shaped body.
Your body often deteriorates upon taking damage.
Your magical capacity is low. (-10% MP)
Your spells are a little harder to cast, but a little more powerful.


Message History

SHROANNG!
The nagaraja points at you and mumbles some strange words.
The poison arrow hits you!!
You are more poisoned.
* * * LOW HITPOINT WARNING * * *
Your body deteriorates!
You feel dopey. The nagaraja constricts you.
* * * LOW HITPOINT WARNING * * *
You feel much better.
* * * LOW HITPOINT WARNING * * *
You feel extremely sick. The water moccasin bites you.
* * * LOW HITPOINT WARNING * * *
The nagaraja spits poison at you.
The splash of poison hits you but does no damage.
You are more poisoned.
The nagaraja constricts you.
* * * LOW HITPOINT WARNING * * *
You block the adder's attack.
GONNNNG!
You block the naga warrior's attack.
SHROANNG!
The water moccasin bites you but does no damage.
The naga zaps a wand.
The puff of flame hits you.
* * * LOW HITPOINT WARNING * * *
You closely miss the naga warrior. You hit the nagaraja but do no damage.
You completely miss the adder. You slash the water moccasin!
You closely miss the naga.
* * * LOW HITPOINT WARNING * * *
You feel very sick.
The nagaraja points at you and mumbles some strange words.
The bolt of poison hits you.
You are more poisoned.
* * * LOW HITPOINT WARNING * * *
The nagaraja constricts you. You block the adder's attack.
GONNNNG!
You block the water moccasin's attack.
BONNNG!
The naga warrior hits you with a +0 halberd.
You die...

▓..)|[[...▓
▓..:|[/=..▓...[.[)..▓
▓.........▓.........▓
▓.........▓.........▓
▓.........▓.........▓
▓.........▓....(....▓
▓.....S...▓.▓.....▓.▓
▓.▓..SNN▓.▓....©....▓
▓....N@S..▓▓▓▓▓▓▓▓▓▓▓
▓▓▓▓▓▓▓▓▓▓▓


You could see a nagaraja (fast, strong, catching breath), a naga warrior
(catching breath), a guardian serpent, a water moccasin, a naga (strong) and an
adder.

Vanquished Creatures
  An anaconda (D)
  3 shining eyes (D)
  A naga mage (D)
  An eye of devastation (D)
  3 rime drakes (D)
  A freezing wraith (D)
  A hornet (D)
  2 polar bears (D)
  4 glass eyes (D)
  3 spriggans (D)
  Sigmund (D)
  A jumping spider (D)
  5 slime creatures (D)
  A golden eye (D)
  Duvessa (D)
  A water moccasin (D)
  2 black bears (D)
  2 wolves (D)
  Blork the orc (D)
  2 scorpions (D)
  6 jellies (D)
  Crazy Yiuf (D)
  An orc priest (D)
  An iguana (D)
  Jessica (D)
  An orc wizard (D)
  3 river rats (D)
  A white imp (D)
  An adder simulacrum (D)
  An endoplasm (D)
  2 jackals (D)
  A ball python (D)
  A ball python simulacrum (D)
  A giant cockroach simulacrum (D)
59 creatures vanquished.

Notes
Turn   | Place    | Note
-------+----------+-------------------------------------------
     0 | D        | fingers the Hill Orc Fighter began the quest for the Orb.
     0 | D        | Reached XP level 1. HP: 19/19 MP: 1/1
     0 | D        | Found a shimmering blue altar of Sif Muna.
     0 | D        | Found a bloodstained altar of Trog.
     0 | D        | Found a sacrificial altar of Ru.
     0 | D        | Found a stormy altar of Qazlal.
     0 | D        | Found an iron altar of Okawaru.
     1 | D        | Found a sparkling altar of Nemelex Xobeh.
     1 | D        | Found a blossoming altar of Fedhas.
     1 | D        | Found the +6 Majin-Bo {spellvamp, MP+6 Int+6}
     1 | D        | Found the +27 heavy crossbow "Sniper" {heavy, Acc+∞ SInv}
     1 | D        | Found the +10 dark maul {heavy}
     1 | D        | Found the +15 Maxwell's patent armour {-Cast -Tele rElec
                  | Will+ rCorr}
     1 | D        | Found the +18 shield of the Gong {Loud rN+ Will+ rCorr
                  | EV-5}
     1 | D        | Found the +16 obsidian axe {drain, demonic, Mesm Drain Fly
                  | SInv}
     1 | D        | Found the +7 great mace "Firestarter" {flame, immolate,
                  | rFlCloud rF++}
     1 | D        | Found the +6 shillelagh "Devastator" {shatter}
     1 | D        | Found the +11 plutonium sword {Contam Stlth-}
     1 | D        | Found the +8 lance "Wyrmbane" {slay drac, rPois rF+ rC+
                  | AC+3}
     1 | D        | Found the +9 sword of Zonguldrok {reap}
     1 | D        | Found the +13 scythe of Curses {drain, curses, Drain}
     1 | D        | Found the +9 sword of Power {lifebolt}
     1 | D        | Found the +7 mace of Variability {chaos, chaos arc}
     1 | D        | Found the +11 Singing Sword {sonic wave}
     1 | D        | Found the +8 storm bow {elec, penet}
     3 | D        | Found a transporter.
     3 | D        | Found an ancient bone altar of Kikubaaqudgha.
     3 | D        | Found a viscous altar of Jiyva.
     3 | D        | Found a corrupted altar of Lugonu.
     3 | D        | Found a hazy altar of Hepliaklqana.
     3 | D        | Found a burning altar of Makhleb.
     3 | D        | Found an opulent altar of Gozag.
    43 | D        | Reached skill level 5 in Fighting
    43 | D        | Reached skill level 6 in Axes
    43 | D        | Reached XP level 2. HP: 29/29 MP: 2/2
    95 | D        | Became a worshipper of Warmaster Okawaru
   107 | D        | Entered arena 2.
   107 | D        | Found the +5 Lochaber axe {reach-cleave, Poleaxe Drain}
   107 | D        | Found a transporter.
   111 | D        | Reached skill level 5 in Armour
   111 | D        | Reached skill level 5 in Shields
   111 | D        | Reached XP level 3. HP: 37/37 MP: 3/3
   113 | D        | Reached skill level 7 in Axes
   113 | D        | Reached XP level 4. HP: 45/45 MP: 4/4
   121 | D        | Entered arena 3.
   121 | D        | Noticed a jumping spider
   121 | D        | Noticed a scorpion
   121 | D        | Noticed a scorpion
   121 | D        | Found a transporter.
   126 | D        | Killed a scorpion
   126 | D        | Reached * piety under Okawaru
   127 | D        | Reached XP level 5. HP: 45/52 MP: 5/5
   135 | D        | Reached skill level 8 in Axes
   138 | D        | Killed a jumping spider
   139 | D        | Reached skill level 9 in Axes
   139 | D        | Reached XP level 6. HP: 28/62 MP: 6/6
   255 | D        | Entered arena 4.
   255 | D        | Noticed a polar bear
   255 | D        | Found a transporter.
   266 | D        | Killed a polar bear
   266 | D        | Reached ** piety under Okawaru
   267 | D        | Reached skill level 10 in Axes
   267 | D        | Reached skill level 1 in Dodging
   267 | D        | Reached XP level 7. HP: 47/70 MP: 7/7
   348 | D        | Entered arena 5.
   348 | D        | Noticed a glass eye
   348 | D        | Noticed a glass eye
   348 | D        | Noticed a glass eye
   348 | D        | Found a transporter.
   358 | D        | Killed a glass eye
   359 | D        | Reached skill level 12 in Axes
   359 | D        | Reached skill level 10 in Shields
   362 | D        | Killed a glass eye
   363 | D        | Reached skill level 10 in Armour
   363 | D        | Reached XP level 8. HP: 78/78 MP: 8/8
   367 | D        | Killed a glass eye
   368 | D        | Reached skill level 13 in Axes
   378 | D        | Entered arena 6.
   378 | D        | Noticed Sigmund
   378 | D        | Noticed Jessica
   378 | D        | Noticed Blork the orc
   378 | D        | Noticed Crazy Yiuf
   378 | D        | Noticed Duvessa
   378 | D        | Found a transporter.
   380 | D        | Killed Crazy Yiuf
   384 | D        | Killed Duvessa
   384 | D        | Reached *** piety under Okawaru
   384 | D        | Killed Jessica
   386 | D        | Killed Blork the orc
   387 | D        | Reached skill level 14 in Axes
   389 | D        | Killed Sigmund
   390 | D        | Reached skill level 10 in Fighting
   398 | D        | Entered arena 7.
   400 | D        | Found a transporter.
   422 | D        | Got the ring "Paka" {SInv Stlth+}
   431 | D        | Entered arena 8.
   431 | D        | Noticed a freezing wraith
   431 | D        | Noticed a polar bear
   431 | D        | Noticed a rime drake
   431 | D        | Noticed a rime drake
   431 | D        | Noticed a rime drake
   433 | D        | Killed a rime drake
   434 | D        | Reached skill level 15 in Axes
   434 | D        | Reached XP level 9. HP: 69/85 MP: 9/9
   435 | D        | Found a transporter.
   436 | D        | Killed a rime drake
   436 | D        | Reached **** piety under Okawaru
   437 | D        | Killed a rime drake
   438 | D        | Reached skill level 16 in Axes
   438 | D        | Reached skill level 1 in Evocations
   440 | D        | Killed a freezing wraith
   440 | D        | Killed a polar bear
   441 | D        | Reached skill level 17 in Axes
   520 | D        | Entered arena 9.
   520 | D        | Noticed a spriggan rider
   522 | D        | Reached ***** piety under Okawaru
   523 | D        | Found a transporter.
   525 | D        | Reached skill level 18 in Axes
   525 | D        | Reached XP level 10. HP: 80/95 MP: 10/10
   554 | D        | Entered arena 10.
   554 | D        | Found the +4 consecrated labrys {holy, Valiant Fragile Fly
                  | SInv}
   554 | D        | Noticed a shining eye
   555 | D        | Found a transporter.
   565 | D        | Reached skill level 19 in Axes
   567 | D        | Killed a shining eye
   629 | D        | Entered arena 11.
   629 | D        | Noticed a shining eye
   629 | D        | Noticed a shining eye
   629 | D        | Noticed an eye of devastation
   629 | D        | Gained mutation: Your spells are a little harder to cast,
                  | but a little more powerful. [a shining eye]
   630 | D        | Found a transporter.
   631 | D        | Gained mutation: Your body sometimes deteriorates upon
                  | taking damage. [a shining eye]
   638 | D        | Received a gift from Okawaru
   638 | D        | Gained mutation: Your body often deteriorates upon taking
                  | damage. [a shining eye]
   643 | D        | Gained mutation: You sometimes lose your temper in combat.
                  | [a shining eye]
   644 | D        | Killed a shining eye
   644 | D        | Gained mutation: Armour fits poorly on your strangely
                  | shaped body. [a shining eye]
   645 | D        | Reached skill level 20 in Axes
   645 | D        | Killed an eye of devastation
   647 | D        | Gained mutation: Your magical capacity is low. (-10% MP) [a
                  | shining eye]
   650 | D        | Killed a shining eye
   650 | D        | Reached ****** piety under Okawaru
   651 | D        | Reached skill level 15 in Shields
   651 | D        | Reached XP level 11. HP: 87/107 MP: 9/9
   717 | D        | Got the Volume of the Dimensional Welkin
   718 | D        | Acquired a +4 broad axe of freezing
   718 | D        | Received a gift from Okawaru
   722 | D        | Entered arena 12.
   722 | D        | Noticed a nagaraja
   722 | D        | Noticed a naga warrior
   723 | D        | Noticed an anaconda
   725 | D        | Killed an anaconda
   725 | D        | Received a gift from Okawaru
   730 | D        | HP: 3/108 [poisoned by a nagaraja (splash of poison)]
   730 | D        | Slain by a naga warrior

Illustrated notes

Levels and vault maps discovered:
D:        sprint_v [room_start, room_1, room_2, room_3, room_4, room_5, room_6,
          room_7, room_8, room_9, room_10, room_11, room_12, room_13, room_14,
          room_15, room_16, room_17, room_18, room_19, room_20, room_21,
          room_22, room_23, room_24, room_25, room_26, room_27]

Skill      XL: |  1  2  3  4  5  6  7  8  9 10 11 |
---------------+----------------------------------+-----
Fighting       | 5 6 7 8 9 10 11 13 | 13.8
Axes           | 6 7 9 10 12 15 18 20 | 20.9
Armour         | 4 5 6 8 9 10 11 | 11.7
Shields        | 4 5 6 8 9 10 12 13 15 | 15.4
Dodging        | 1 2 |  2.0
Evocations     | 2 3 4 |  4.0
Stealth        | |  0.2

Action                     |  1- 3 |  4- 6 |  7- 9 | 10-12 || total
---------------------------+-------+-------+-------+-------++-------
  Melee: Broad axe         |     3 |    18 |    39 |    24 ||    84
         Labrys            |       |       |       |    16 ||    16
 Invoke: Receive Weapon    |       |       |       |     1 ||     1
  Evoke: Tin of tremorston |       |       |     6 |       ||     6
    Use: Potion            |     1 |     1 |       |     2 ||     4
         Scroll            |       |       |       |     4 ||     4
 Armour: Plate armour      |       |    33 |    13 |    16 ||    62
  Dodge: Dodged            |       |     2 |     3 |     4 ||     9
  Block: Kite shield       |     5 |    43 |    36 |    38 ||   122

Table legend: (Time is in decaauts)
 A = Elapsed time spent in this place.
 B = Non-inter-level travel time spent in this place.
 C = Inter-level travel time spent in this place.
 D = Time resting spent in this place.
 E = Time spent auto-exploring this place.
 F = Levels seen in this place.
 G = Mean time per level.
                   A        B        C        D        E       F      G
               +--------+--------+--------+--------+--------+-----+--------+
         Total |    723 |    723 |      0 |      0 |    360 |   1 |  723.0 |
       Dungeon |    723 |    723 |      0 |      0 |    360 |   1 |  723.0 |
               +--------+--------+--------+--------+--------+-----+--------+

Top non-repeatable levels by time:
       D: 723 daAuts
